Map: Lerilak Crest

Players

PtitDrogo

  • Race: Protoss Protoss
  • League: Master

LiquidSnute (Snute)

  • Race: Zerg Zerg
  • League: Grandmaster

Event: Homestory Cup XII

VOD

Have the link to the VOD?

Description

Time

  • Played on: Dec. 19, 2015, 12:36 p.m.
  • Length: 9:32

All games in this series

Show
View Real Time Build Order
Export as new Build Order

PtitDrogo Protoss 

Build Orders: 1 Gate Expand 

Get SALT Encoding   

  12  0:01  Probe (Chrono Boost)  
  13  0:14  Pylon  
  13  0:16  Probe (Chrono Boost)  
  14  0:27  Probe (Chrono Boost)  
  15  0:33  Gateway  
  15  0:38  Probe (Chrono Boost)  
  16  0:48  Probe (Chrono Boost)  
  16  0:49  Assimilator  
  17  0:59  Probe (Chrono Boost)  
  17  1:03  Gateway  
  18  1:09  Probe (Chrono Boost)  
  19  1:20  Cybernetics Core  
  19  1:40  Nexus  
  21  1:58  Adept (Chrono Boost), Warp Gate  
  21  1:59  Adept (Chrono Boost)  
  23  2:10  Pylon  
  23  2:15  Assimilator  
  23  2:28  Probe (Chrono Boost), Adept  
  26  2:38  Probe (Chrono Boost)  
  26  2:44  Twilight Council  
  27  2:49  Probe (Chrono Boost)  
  28  2:58  Probe (Chrono Boost)  
  29  3:00  Probe (Chrono Boost), Zealot  
  32  3:08  Probe (Chrono Boost)  
  32  3:10  Probe (Chrono Boost)  
  34  3:19  Mothership Core (Chrono Boost)  
  31  3:20  Probe (Chrono Boost)  
  31  3:21  Pylon  
  31  3:23  Resonating Glaives (Chrono Boost)  
  33  3:32  Probe  
  34  3:39  Robotics Facility  
  34  3:40  Probe  
  34  3:44  Probe  
  36  3:52  Probe  
  37  4:00  Probe  
  38  4:04  Pylon  
  38  4:06  Adept x2  
  38  4:07  Probe  
  42  4:12  Probe  
  43  4:17  Probe  
  43  4:19  Gateway  
  43  4:24  Probe  
  43  4:28  Probe  
  44  4:32  Warp Prism (Chrono Boost)  
  44  4:36  Probe  
  47  4:38  Adept  
  47  4:43  Probe, Adept  
  52  4:48  Probe  
  53  4:53  Pylon  
  53  4:55  Probe  
  53  5:04  Probe (Chrono Boost)  
  53  5:07  Probe (Chrono Boost)  
  54  5:14  Assimilator  
  54  5:15  Probe (Chrono Boost), Assimilator  
  54  5:18  Adept  
  54  5:19  Adept x2  
  54  5:20  Probe (Chrono Boost)  
  62  5:26  Probe (Chrono Boost)  
  63  5:29  Probe  
  63  5:31  Pylon  
  64  5:38  Probe  
  64  5:40  Probe  
  62  5:50  Probe  
  62  5:53  Immortal (Chrono Boost)  
  63  5:57  Adept x3  
  69  6:06  Probe x2  
  69  6:16  Probe  
  66  6:18  Probe  
  66  6:22  Pylon  
  66  6:23  Pylon  
  59  6:26  Sentry x3  
  59  6:27  Probe  
  59  6:30  Probe  
  59  6:32  Immortal (Chrono Boost)  
  71  6:33  Dark Shrine  
  71  6:38  Pylon  
  71  6:40  Pylon  
  71  6:42  Probe  
  71  6:43  Probe  
  71  6:44  Pylon  
  73  6:49  Stalker x3  
  73  6:53  Probe  
  79  6:55  Probe  
  81  7:04  Probe  
  82  7:10  Nexus  
  82  7:12  Probe  
  82  7:14  Probe  
  83  7:18  Immortal (Chrono Boost)  
  88  7:25  Probe x2  
  88  7:27  Sentry x2  
  94  7:35  Probe  
  94  7:37  Probe, Forge  
  95  7:40  Assimilator  
  96  7:46  Assimilator  
  96  7:48  Dark Templar  
  98  7:51  Dark Templar  
  98  7:56  Dark Templar  
  103  7:58  Probe  
  103  8:07  Gateway  
  103  8:08  Gateway  
  103  8:13  Probe  
  103  8:14  Probe  
  105  8:42  Robotics Bay  
  105  8:43  Probe  
  105  8:44  Robotics Facility  
  105  8:45  Photon Cannon  
  105  8:46  Photon Cannon  
  106  9:05  Gateway  
  106  9:06  Gateway  
  106  9:09  Gateway  
  106  9:11  Photon Cannon  
  106  9:13  Pylon  
  106  9:16  Pylon  
  106  9:28  Stargate  
  106  9:29  Photon Cannon  
  106  9:30  Stargate  
  106  9:31  Photon Cannon  
Show
View Real Time Build Order
Export as new Build Order

LiquidSnute Zerg 

Build Orders: 3 Hatch before Pool 

Get SALT Encoding   

  12  0:00  Drone  
  13  0:12  Overlord  
  13  0:16  Drone  
  14  0:30  Drone x2  
  14  0:34  Drone  
  17  0:51  Hatchery  
  17  0:54  Drone  
  17  0:58  Drone  
  18  1:18  Hatchery  
  18  1:21  Drone  
  18  1:24  Extractor  
  17  1:37  Spawning Pool  
  17  1:38  Drone  
  17  1:41  Drone  
  17  1:45  Drone  
  19  1:49  Drone  
  20  2:00  Drone  
  21  2:04  Drone  
  22  2:11  Drone  
  22  2:14  Drone  
  24  2:24  Queen  
  24  2:25  Metabolic Boost  
  24  2:27  Queen  
  28  2:33  Overlord  
  28  2:35  Zergling x2  
  29  2:38  Zergling x2  
  29  2:40  Zergling x2  
  29  2:42  Zergling x2  
  32  2:48  Queen  
  34  2:54  Zergling x4  
  35  3:01  Zergling x4  
  37  3:11  Zergling x4  
  37  3:12  Zergling x2  
  36  3:15  Drone  
  35  3:20  Drone x2  
  35  3:23  Drone  
  38  3:27  Overlord  
  38  3:31  Drone  
  39  3:34  Drone  
  39  3:37  Drone  
  39  3:39  Overlord  
  41  3:49  Drone x3  
  41  3:53  Drone  
  41  3:54  Drone x2  
  41  3:55  Drone  
  48  3:57  Drone  
  48  3:59  Drone  
  48  4:03  Drone  
  48  4:04  Drone  
  48  4:06  Drone  
  48  4:07  Drone  
  52  4:12  Overlord  
  52  4:14  Drone x2  
  52  4:17  Drone x2  
  52  4:18  Extractor  
  52  4:19  Drone  
  52  4:21  Drone  
  52  4:23  Drone  
  56  4:24  Drone  
  56  4:26  Drone  
  56  4:27  Drone  
  56  4:30  Drone  
  59  4:37  Roach Warren, Drone x2, Extractor  
  59  4:38  Drone  
  60  4:43  Drone  
  60  4:51  Overlord x2  
  60  4:52  Overlord x2  
  59  5:10  Queen x3  
  65  5:17  Roach  
  65  5:18  Roach x8  
  65  5:21  Roach x2  
  87  5:29  Roach  
  87  5:30  Roach x2  
  87  5:31  Overlord  
  87  5:32  Roach  
  87  5:35  Drone, Roach  
  98  5:47  Overlord  
  96  5:52  Roach x3  
  96  5:53  Roach  
  96  5:54  Drone  
  96  5:55  Drone x3  
  105  6:02  Drone x3  
  106  6:06  Overlord x2  
  106  6:09  Overlord  
  106  6:10  Zergling x4  
  107  6:14  Queen  
  104  6:20  Overlord  
  104  6:21  Drone x2  
  104  6:22  Drone  
  104  6:25  Drone x2  
  104  6:29  Lair  
  104  6:30  Drone  
  104  6:32  Drone x2  
  107  6:38  Drone x2  
  109  6:40  Drone x3  
  109  6:41  Extractor  
  109  6:42  Drone, Extractor  
  109  6:43  Extractor  
  110  6:53  Drone x3  
  113  7:00  Evolution Chamber x2  
  109  7:20  Drone x8  
  109  7:21  Drone x4  
  121  7:26  Zerg Ground Armor Level 1, Zerg Melee Weapons Level 1  
  121  7:28  Overlord x3  
  121  7:31  Spire  
  121  7:33  Hatchery  
  119  7:39  Ravager x3  
  119  7:40  Ravager, Zergling x2  
  119  7:41  Zergling x10  
  119  7:42  Zergling x2  
  130  7:46  Ravager  
  130  7:47  Ravager  
  132  7:51  Overlord  
  132  7:52  Zergling x8  
  132  7:55  Zergling x6  
  139  8:05  Zergling x2  
  139  8:06  Glial Reconstitution, Zergling x12  
  139  8:11  Ravager x3  
  139  8:12  Ravager  
  149  8:20  Zergling x16  
  149  8:22  Extractor  
  149  8:26  Overseer, Extractor  
  155  8:27  Overseer  
  155  8:28  Overseer  
  155  8:34  Pneumatized Carapace  
  145  8:35  Overseer  
  145  8:38  Drone x2  
  145  8:39  Drone x8  
  155  8:44  Spore Crawler  
  156  8:48  Roach x2  
  156  8:49  Roach x3  
  156  8:53  Roach  
  156  8:54  Roach  
  168  9:02  Overlord x3  
Tags
 
Add a new tag
Caveats
  • Supply blocks, unpowered buildings, or Contaminate may cause inaccurate times.
  • Supply counts are checked every 10 seconds.